 Dungeon Crawl Stone Soup version 0.27-a0-40-g5f2be0e231 (webtiles) character file.

Game seed: 6320605359101412801

540922 lunkers the Conqueror (level 25, -17/304 HPs)
             Began as a Merfolk Venom Mage on Jan 4, 2021.
             Was the Champion of Ashenzari.
             Demolished by a yellow draconian monk (32 damage)
             ... on level 5 of the Depths on Jan 5, 2021.
             The game lasted 02:56:46 (68930 turns).

lunkers the Conqueror (Merfolk Venom Mage)         Turns: 68930, Time: 02:56:47

Health: -17/304    AC: 36    Str: 11    XL:     25   Next: 98%
Magic:  45/46      EV: 33    Int: 27    God:    Ashenzari [******]
Gold:   5240       SH: 20    Dex: 16    Spells: 17/50 levels left

rFire    + . .     SeeInvis +   N - +8 demon trident (vamp) (curse)
rCold    . . .     Faith    .   I - +0 kite shield {rF+} (curse)
rNeg     + . .     Spirit   .   (armour currently unavailable)
rPois    ∞         Reflect  +   T - +3 hat of Pondering {ponderous, Will+ MP+10 Int+5} (curse)
rElec    +         Harm     .   w - +0 cloak (curse)
rCorr    .         Rampage  .   (gloves currently unavailable)
Will     ++...     Clarity  +   (boots currently unavailable)
Stlth    +++.......             E - amulet of reflection (curse)
HPRegen  0.60/turn              a - ring of wizardry (curse)
MPRegen  0.30/turn              F - +4 ring of protection (curse)

@: about to teleport, statue-form, very slow
A: (change form in water), (swift swim), (stealthy swim), blink, low mp 1,
screaming 1, no potion heal 1
}: 3/15 runes: decaying, serpentine, silver
a: End Transformation, Blink, Renounce Religion, Curse Item, Scrying, Transfer
Knowledge


You were on level 5 of the Depths.
You worshipped Ashenzari.
Ashenzari was exalted by your worship.
You were a stone statue.
You visited 9 branches of the dungeon, and saw 43 of its levels.
You visited the Abyss 1 time.
You visited 1 bazaar.
You also visited: Bailey and Volcano.

You collected 9755 gold pieces.
You spent 4515 gold pieces at shops.

Inventory:

Hand Weapons
 N - a cursed +8 vampiric demon trident (weapon)
Armour
 n - the +8 chain mail of the Devil's Team {Slay+3}
   (You found it on level 4 of the Depths)

   It affects your accuracy and damage with ranged weapons and melee attacks
   (+3).
 w - a cursed +0 cloak (worn)
 G - the cursed +4 skin of Zhor (melded) {Englaciate rC+++ SInv}
   (You found it on level 1 of the Lair of Beasts)

   It renders you almost immune to cold.
   It lets you see invisible.
   It has a curse placed upon it.
 H - the cursed +1 pair of boots "Xosel" (melded) {Str+5}
   (You found it in a volcano)

   It affects your strength (+5).
   It has a curse placed upon it.
 I - a cursed +0 kite shield of fire resistance (worn)
 S - a cursed +2 pair of gloves of archery (melded)
 T - the cursed +3 hat of Pondering (worn) {ponderous, Will+ MP+10 Int+5}
   (You took it off Gastronok on level 11 of the Dungeon)

   It affects your intelligence (+5).
   It affects your willpower, your defense against some magical effects.
   It affects your magic capacity (+10).
   It has a curse placed upon it.
Jewellery
 a - a cursed ring of wizardry (left hand)
 E - a cursed amulet of reflection (around neck)
 F - a cursed +4 ring of protection (right hand)
Wands
 h - a wand of paralysis (50)
 q - a wand of acid (20)
 y - a wand of flame (95)
 C - a wand of polymorph (14)
 J - a wand of digging (8)
 O - a wand of iceblast (29)
 Q - a wand of disintegration (39)
 W - a wand of enslavement (7)
Scrolls
 d - 9 scrolls of enchant armour
 e - 4 scrolls of fog
 o - 4 scrolls of brand weapon
 p - 8 scrolls of fear
 u - a scroll of holy word
 x - 6 scrolls of teleportation
 z - 3 scrolls of enchant weapon
 A - 11 scrolls of identify
 B - 21 scrolls of remove curse
 D - 4 scrolls of summoning
 K - 3 scrolls of amnesia
 M - 5 scrolls of magic mapping
 P - 8 scrolls of blinking
Potions
 b - 9 potions of brilliance
 c - 3 potions of ambrosia
 f - 20 potions of curing
 g - 3 potions of resistance
 i - a potion of cancellation
 j - 11 potions of lignification
 k - 6 potions of heal wounds
 l - 8 potions of magic
 m - 7 potions of attraction
 r - 5 potions of flight
 s - 6 potions of berserk rage
 v - 4 potions of might
 L - 5 potions of haste
 R - 4 potions of invisibility
Miscellaneous
 X - a condenser vane
 Y - a tin of tremorstones (2/2)
 Z - a phantom mirror


   Skills:
 O Level 27 Fighting
 - Level 9.8(14.1) Polearms
 - Level 23.7(27) Dodging
 - Level 2.1(5.5) Stealth
 - Level 17.6(20.0) Shields
 - Level 13.0 Spellcasting
 - Level 11.8(16.0) Summonings
 - Level 8.6(13.0) Translocations
 - Level 11.8(16.0) Transmutations
 - Level 6.4(11.0) Earth Magic
 - Level 9.9(14.2) Poison Magic
 + Level 7.8(12.3) Evocations


You had 17 spell levels left.
You knew the following spells:

 Your Spells              Type           Power        Failure   Level
b - Poisonous Vapours     Pois/Air       100%         1%          2
c - Olgreb's Toxic Radia  Pois           76%          1%          4
d - Ignite Poison         Fire/Tmut/Pois 65%          1%          3
e - Mephitic Cloud        Conj/Pois/Air  45%          1%          3
f - Passwall              Tmut/Erth      61%          0%          2
g - Eringya's Noxious Bo  Tmut/Pois      39%          1%          6
h - Statue Form           Tmut/Erth      49%          1%          6
i - Malign Gateway        Summ/Tloc      38%          2%          7

Your spell library contained the following spells:

 Spells                   Type           Power        Failure   Level
 Apportation              Tloc           100%         0%          1
 Sting                    Tmut/Pois      100%         0%          1
 Summon Small Mammal      Summ           100%         0%          1
 Blink                    Tloc           N/A          0%          2
 Call Imp                 Summ           81%          0%          2
 Animate Skeleton         Necr           42%          1%          1
 Corona                   Hex            23%          1%          1
 Foxfire                  Conj/Fire      84%          1%          1
 Magic Dart               Conj           84%          1%          1
 Sandblast                Erth           100%         1%          1
 Corpse Rot               Necr/Air       N/A          1%          2
 Ensorcelled Hibernation  Hex/Ice        42%          1%          2
 Searing Ray              Conj           42%          1%          2
 Slow                     Hex            21%          1%          2
 Sublimation of Blood     Necr           10%          1%          2
 Gell's Gravitas          Tloc           36%          1%          3
 Portal Projectile        Hex/Tloc       100%         1%          3
 Stone Arrow              Conj/Erth      98%          1%          3
 Iskenderun's Mystic Bla  Conj/Tloc      53%          1%          4
 Leda's Liquefaction      Hex/Erth       24%          1%          4
 Petrify                  Tmut/Erth      74%          1%          4
 Summon Ice Beast         Ice/Summ       58%          1%          4
 Alistair's Intoxication  Tmut/Pois      52%          1%          5
 Irradiate                Conj/Tmut      29%          1%          5
 Lee's Rapid Deconstruct  Erth           33%          1%          5
 Summon Forest            Summ/Tloc      38%          1%          5
 Yara's Violent Unravell  Hex/Tmut       29%          1%          5
 Hydra Form               Tmut           40%          1%          6
 Shadow Creatures         Summ           N/A          1%          6
 Dragon Form              Tmut           40%          1%          7
 Monstrous Menagerie      Summ           40%          1%          7
 Summon Greater Demon     Summ           40%          1%          7
 Summon Hydra             Summ           40%          1%          7
 Confusing Touch          Hex            21%          2%          3
 Conjure Flame            Conj/Fire      21%          2%          3
 Dazzling Flash           Conj/Hex       42%          2%          3
 Inner Flame              Hex/Fire       21%          2%          3
 Static Discharge         Conj/Air       21%          2%          3
 Cause Fear               Hex            10%          10%         4
 Fulminant Prism          Conj/Hex       10%          10%         4
 Sticky Flame             Conj/Fire      21%          10%         4
 Summon Horrible Things   Summ           40%          12%         8
 Fireball                 Conj/Fire      10%          26%         5
 Lightning Bolt           Conj/Air       10%          26%         5
 Metabolic Englaciation   Hex/Ice        10%          26%         5
 Haunt                    Necr/Summ      29%          32%         7
 Dragon's Call            Summ           40%          85%         9
 Necromutation            Tmut/Necr      29%          92%         8
 Borgnjor's Revivificati  Necr           10%          100%        8
 Ignition                 Fire           10%          100%        8
 Infestation              Necr           10%          100%        8
 Death's Door             Necr           10%          100%        9
 Shatter                  Erth           33%          100%        9
 Tornado                  Air            10%          100%        9


Dungeon Overview and Level Annotations

Branches:
Dungeon (15/15)            Temple (1/1) D:6            Lair (6/6) D:9
  Swamp (4/4) Lair:2        Snake (4/4) Lair:4        Slime (0/5) Lair:5
    Orc (2/2) D:11            Elf (0/3) Orc:2        Vaults (5/5) D:13
  Crypt (0/3) Vaults:3     Depths (5/5) D:15            Zot (1/5) Depths:5
 Bailey (visited)         Volcano (visited)

Altars:
Ashenzari
Cheibriados
Dithmenos
Elyvilon
Fedhas
Gozag
Hepliaklqana
Kikubaaqudgha
Makhleb
Nemelex Xobeh
Okawaru
Qazlal
Ru
Sif Muna
Trog
Uskayaw
Vehumet
Wu Jian
Xom
Yredelemnul
Zin
The Shining One
Beogh
Jiyva
Lugonu

Shops:
D:4 ?   D:10 (   Orc:2 (?:![   Snake:4 !   Vaults:4 *   Depths:2 !

Portals:
Hell: Depths:1 Depths:2 Depths:3 Depths:4 Depths:5
Abyss: Depths:4* Depths:5
Pandemonium: Depths:1 Depths:3 Depths:4
Ziggurat: Depths:2

Annotations:
D:9 1 runed translucent door
Swamp:4 Lernaean hydra
Snake:1 2 transporters, Lobster4's ghost, journeyman DEEE


Innate Abilities, Weirdness & Mutations

((You revert to your normal form in water.))
((You are very nimble and swift while swimming.))
((You are very stealthy in the water. (Stealth+)))
You can translocate small distances at will.
Your magical capacity is low. (-10% MP)
You occasionally shout uncontrollably at your foes.
Potions are less effective at restoring your health.


Message History

* * * LOW HITPOINT WARNING * * *
The yellow draconian monk closely misses you.
The yellow draconian monk tail-slaps you but does no damage.
You puncture the yellow draconian monk!
The yellow draconian monk is heavily wounded.
The yellow draconian monk hits you!
* * * LOW HITPOINT WARNING * * *
You block the yellow draconian monk's attack. x2
The yellow draconian monk barely misses you.
The yellow draconian monk kicks you but does no damage.
You block the yellow draconian monk's attack.
Unknown command.
Unknown command.
Unknown command.
As you read the scroll of teleportation, it crumbles to dust.
You feel strangely unstable.
You block the yellow draconian monk's attack. x2
The yellow draconian monk completely misses you.
The yellow draconian monk hits you!!
You die...

....[))#.....#.....#..#..#....#..
....)..#.....#.....#.##.......#..
......)#.....#.....###........#..
.......#.....#.....##.........#..
.......#.....#######..........#..
.......############........####..
###........# ##...#..............
..#........# #...................
...).......# #.q8.......⌠........
#.#........# #..)................
..)........# ##...#.......[))....
.#)#.......# #####........[.....
)..)...#############........#####
#[#....#§§....#....##.......#....
.......#§.....#.....##......#....
.......#..§§§§#......##.....#....
.......#.§§§§.#.......#.....#....


You could see a yellow draconian monk (berserk).

Vanquished Creatures
  4 juggernauts
  3 ancient liches
  Saint Roka (Depths:5)
  Bai Suzhen (Snake:4)
  Xtahua (Depths:4)
  5 golden dragons
  2 liches
  6 tentacled monstrosities
  Asterion (Snake:2)
  2 quicksilver dragons
  4 titans
  Gastronok (D:11)
  2 Executioners
  An eldritch tentacle (D:15)
  6 sphinxes
  An ancient champion (Vaults:3)
  2 tentacled starspawn (Abyss:2)
  Roxanne (Snake:1)
  8 tengu reavers
  3 storm dragons
  7 shadow dragons
  10 nagarajas
  6 frost giants
  5 fire giants
  Aizul (Snake:2)
  2 draconian shifters (Depths:3)
  7 deep elf sorcerers
  16 vault wardens
  2 balrugs
  2 iron dragons
  17 ironheart preservers
  Louise (Swamp:1)
  2 deep elf elementalists
  2 draconian scorchers (Zot:1)
  2 curse skulls
  24 stone giants
  28 very ugly things
  A spriggan defender (Depths:4)
  3 war gargoyles
  2 vampire knights
  Nessos (D:13)
  4 entropy weavers
  2 green draconians (Swamp:3)
  A black draconian (Depths:5)
  10 deep elf demonologists
  A dire elephant (shapeshifter) (Depths:5)
  A purple draconian (Depths:5)
  3 dire elephants (Lair:6)
  A starcursed mass (Abyss:2)
  4 deep elf annihilators
  2 red draconians (Depths:5)
  7 bunyips
  3 white draconians (Depths:5)
  A lorocyproca (Depths:3)
  14 ettins
  Josephine (Lair:6)
  A merfolk javelineer (Depths:4)
  A crystal guardian (Vaults:3)
  2 eleionomae (Swamp:1)
  A green death (Depths:2)
  An eidolon (Vaults:3)
  2 deep elf high priests
  3 fire dragons
  17 naga warriors
  26 vault guards
  8 great orbs of eyes
  19 yaktaur captains
  8 rakshasas
  Fannar (D:10)
  22 hydras
  4 boulder beetles
  12 ice dragons
  6 spriggan air magi
  8 centaur warriors
  3 merfolk aquamancers (Depths:3)
  8 anacondas
  44 two-headed ogres
  A dancing weapon (Volcano)
  11 alligators
  12 ogre magi
  A queen ant (Lair:5)
  3 death knights
  4 death yaks (Lair:3)
  10 deep troll shamans
  7 tengu warriors
  5 deep troll earth magi
  3 spriggan berserkers (Depths:5)
  Urug (Lair:3)
  13 naga sharpshooters
  Nergalle (D:11)
  Sonja (Lair:4)
  3 wretched stars (Abyss:2)
  5 soul eaters (Depths:3)
  9 shock serpents
  2 sun demons (Depths:1)
  2 skeletal warriors (D:15)
  A storm dragon zombie (Depths:4)
  6 iron trolls
  5 deep elf knights
  22 hell knights
  2 salamander mystics (Snake:4)
  2 unseen horrors (shapeshifter) (Vaults:4)
  3 unseen horrors
  A golden dragon zombie (Depths:4)
  A storm dragon skeleton (Depths:2)
  A goliath frog (Swamp:2)
  8 swamp dragons
  6 deep elf archers
  5 bog bodies
  An anaconda zombie (Abyss:2)
  31 deep trolls
  9 glowing orange brains
  2 phantasmal warriors
  5 wizards
  A spriggan druid (Swamp:4)
  13 ironbrand convokers
  5 naga ritualists
  15 orc knights
  15 harpies
  3 flayed ghosts
  8 necromancers
  An iron dragon zombie (Abyss:2)
  A swamp dragon (shapeshifter) (Vaults:3)
  5 salamanders
  2 wolf spiders (Vaults:2)
  An orb spider (shapeshifter) (Vaults:2)
  5 cyclopes
  54 ugly things
  A stone giant zombie (Vaults:1)
  A mana viper (shapeshifter) (Vaults:2)
  3 orc sorcerers
  4 manticores
  4 will-o-the-wisps
  19 deep elf magi
  2 oklob plants
  8 mana vipers
  8 elephants (Lair:6)
  A black mamba (shapeshifter) (D:15)
  A rust devil (Abyss:2)
  A shining eye (shapeshifter) (Vaults:3)
  Maurice (D:11)
  An elephant (shapeshifter) (Vaults:3)
  20 naga magi
  A guardian serpent (shapeshifter) (D:15)
  A torpor snail (Lair:6)
  A frost giant skeleton (Depths:4)
  5 toenail golems (Volcano)
  31 black mambas
  A smoke demon (Abyss:2)
  10 guardian serpents
  2 human zombies (Vaults:1)
  16 vault sentinels
  An orange demon (Depths:2)
  8 cane toads
  Psyche (D:11)
  A gargoyle (D:13)
  55 yaktaurs
  6 kobold demonologists
  An efreet (D:13)
  4 rime drakes
  9 freezing wraiths
  10 komodo dragons
  A yaktaur (shapeshifter) (Depths:2)
  A merfolk (shapeshifter) (Depths:4)
  5 hellwings
  A red devil (Depths:3)
  2 ancient zymes (Abyss:2)
  7 tyrant leeches
  A tengu simulacrum (Vaults:2)
  A polar bear (Lair:4)
  A queen bee (shapeshifter) (Vaults:3)
  10 trolls
  A wolf spider simulacrum (Vaults:1)
  10 hornets
  A tyrant leech (shapeshifter) (Vaults:2)
  A dream sheep (shapeshifter) (Vaults:4)
  A slime creature (shapeshifter) (D:15)
  19 slime creatures
  2 human simulacra (Vaults:2)
  An ice dragon zombie (Abyss:2)
  21 blink frogs
  5 large abominations (Abyss:2)
  An ettin skeleton (Depths:2)
  A shadow (D:11)
  5 redbacks
  9 water elementals
  A ynoxinul (Depths:2)
  8 spriggans
  10 wraiths
  42 yaks
  A tarantella (Vaults:2)
  2 basilisks
  7 wyverns
  An elf simulacrum (Depths:2)
  9 vampire mosquitoes
  A vampire (D:13)
  A human (Vaults:3)
  2 neqoxecs
  Menkaure (D:7)
  7 wargs
  An acid dragon (D:11)
  A naga (shapeshifter) (Depths:1)
  26 soldier ants (Lair:5)
  63 nagas
  12 swamp worms
  12 water moccasins
  8 swamp drakes
  5 ice beasts
  A black bear (shapeshifter) (D:15)
  An eye of draining (D:12)
  2 black bears
  45 orc warriors
  3 sky beasts
  4 phantoms
  26 ogres
  9 boggarts
  3 necrophages
  4 wolves
  14 centaurs
  A swamp dragon skeleton (Abyss:2)
  6 big kobolds
  19 bullfrogs
  11 gnoll sergeants
  3 small abominations (Abyss:2)
  2 wyvern zombies
  A human skeleton (Vaults:2)
  6 scorpions
  11 killer bees
  9 wights
  4 electric eels
  4 howler monkeys
  A crimson imp (D:9)
  3 centaur zombies
  4 quasits
  6 jellies
  15 orc priests
  2 bullfrog zombies
  6 gnoll shamans (Bailey)
  9 hounds
  3 bullfrog skeletons
  18 orc wizards
  6 centaur skeletons
  Jessica (D:5)
  Terence (D:2)
  5 iguanas
  30 worker ants
  A hound zombie (D:6)
  A worker ant zombie (D:7)
  35 gnolls
  13 adders
  4 shadow imps
  2 white imps (D:7)
  3 ufetubi
  An ooze (D:5)
  An adder skeleton (D:9)
  2 dart slugs
  5 leopard geckos
  107 orcs
  14 bats
  3 giant cockroaches
  4 hobgoblins
  18 jackals
  3 quokkas
  A ball python (D:1)
  A ball python skeleton (D:4)
  8 frilled lizards
  11 goblins
  A jackal zombie (D:9)
  21 kobolds
  A leopard gecko zombie (D:8)
  A quokka skeleton (D:8)
  7 rats
  A starspawn tentacle (Abyss:2)
1919 creatures vanquished.

Vanquished Creatures (collateral kills)
  Margery (Depths:4)
  A golden dragon (Depths:5)
  A sphinx (Depths:2)
  A shadow dragon (Vaults:5)
  A deep elf sorcerer (Vaults:5)
  2 draconian knights (Depths:5)
  A deep elf elementalist (Vaults:5)
  3 very ugly things
  A stone giant (Depths:2)
  A black draconian (Zot:1)
  A purple draconian (Zot:1)
  2 ettins (Depths:4)
  3 fire dragons
  An ogre mage (Vaults:5)
  A yaktaur captain (Vaults:5)
  2 great orbs of eyes
  3 vault guards (Vaults:4)
  3 deep troll earth magi (Depths:2)
  A queen ant (shapeshifter) (Depths:2)
  A deep troll shaman (Depths:2)
  2 hell knights (Depths:5)
  An iron troll (Depths:2)
  3 skeletal warriors (D:15)
  9 deep trolls
  A deep elf archer (Vaults:5)
  An ugly thing (Depths:5)
  A deep elf mage (Depths:5)
  An ice devil (Depths:4)
  2 slime creatures (D:15)
  A vampire mosquito (D:15)
  A hornet zombie (D:15)
  3 boggarts (Depths:2)
  2 orc wizards (D:15)
  2 orcs (D:15)
61 creatures vanquished.

Vanquished Creatures (others)
  Vashnia (Snake:3)
  A tentacled monstrosity (Vaults:4)
  19 eldritch tentacles
  A storm dragon (Vaults:5)
  2 fire giants
  A deep elf sorcerer (Vaults:4)
  A vault warden (Vaults:5)
  A stone giant (Vaults:5)
  3 ironheart preservers
  2 eleionomae (Swamp:3)
  An ettin (Vaults:5)
  2 yaktaur captains (Vaults:3)
  A deep elf high priest (Vaults:4)
  Erolcha (D:13)
  A boulder beetle (Vaults:1)
  A naga warrior (Snake:4)
  5 vault guards (Vaults:4)
  2 alligators (Swamp:2)
  An ogre mage (Vaults:5)
  3 two-headed ogres
  A deep troll earth mage (Depths:1)
  3 hell knights (Depths:4)
  4 naga sharpshooters
  A spriggan druid (Swamp:2)
  A goliath frog (Swamp:3)
  A wizard (Volcano)
  A deep troll (Vaults:5)
  An ironbrand convoker (Vaults:5)
  An ugly thing (Depths:1)
  4 deep elf magi
  A salamander (Snake:1)
  A guardian serpent (Snake:3)
  3 naga magi
  6 yaktaurs
  3 bloated husks (Swamp:3)
  3 slime creatures (Vaults:1)
  A tarantella (shapeshifter) (Vaults:3)
  A human (Depths:3)
  A basilisk (shapeshifter) (Vaults:2)
  2 wargs (Vaults:1)
  2 swamp worms (Swamp:3)
  10 nagas
  A soldier ant (shapeshifter) (Depths:1)
  4 orc warriors (Vaults:1)
  2 ogres
  5 centaurs
  2 wights (D:12)
  A jelly (D:12)
  2 orc wizards
  4 orc priests
  7 orcs
  16 foxfires
  24 fungi
  95 plants
  4 starspawn tentacles (Abyss:2)
269 creatures vanquished.

Grand Total: 2249 creatures vanquished

Notes
Turn   | Place    | Note
-------+----------+-------------------------------------------
     0 | D:1      | lunkers the Merfolk Venom Mage began the quest for the Orb.
     0 | D:1      | Reached XP level 1. HP: 13/13 MP: 3/3
   131 | D:1      | Reached XP level 2. HP: 16/19 MP: 0/5
   878 | D:1      | Reached XP level 3. HP: 24/24 MP: 0/6
  1658 | D:2      | Reached XP level 4. HP: 30/30 MP: 4/8
  1814 | D:2      | Noticed Terence
  1840 | D:2      | Killed Terence
  2511 | D:3      | Reached XP level 5. HP: 23/35 MP: 4/9
  3081 | D:3      | Found an iron altar of Okawaru.
  3935 | D:4      | Reached skill level 5 in Poison Magic
  3935 | D:4      | Reached XP level 6. HP: 36/41 MP: 5/11
  4054 | D:4      | Learned a level 2 spell: Poisonous Vapours
  4059 | D:4      | Learned a level 4 spell: Olgreb's Toxic Radiance
  4063 | D:4      | Learned a level 3 spell: Ignite Poison
  4607 | D:4      | Found Extoaf's Magic Scroll Emporium.
  4644 | D:4      | Got a sheer robe
  4655 | D:4      | Identified the cursed +0 robe of Compression {*Contam Harm
                  | Str+2 Stlth+} (You found it on level 4 of the Dungeon)
  4817 | D:4      | Found a hide-covered altar of Uskayaw.
  5154 | D:4      | Got a bloodstained leather armour
  5165 | D:4      | Identified the +6 leather armour of the Equinox {Rampage
                  | Dex+4} (You found it on level 4 of the Dungeon)
  5182 | D:5      | Entered Level 5 of the Dungeon
  5253 | D:5      | Reached XP level 7. HP: 46/46 MP: 7/13
  5309 | D:5      | Found an ancient bone altar of Kikubaaqudgha.
  5508 | D:5      | Noticed Jessica
  5511 | D:5      | Killed Jessica
  5519 | D:5      | Found a shimmering blue altar of Sif Muna.
  5840 | D:4      | Learned a level 3 spell: Mephitic Cloud
  6154 | D:5      | Reached skill level 1 in Fighting
  6450 | D:5      | Got a crystal hand axe
  6451 | D:5      | Identified the cursed +0 hand axe "Feno" {vorpal, Will++
                  | Str-5 Stlth+} (You found it on level 5 of the Dungeon)
  6485 | D:6      | Found a basalt altar of Yredelemnul.
  6485 | D:6      | Found a snail-covered altar of Cheibriados.
  6490 | D:6      | Found a white marble altar of Elyvilon.
  6492 | D:6      | Found a sacrificial altar of Ru.
  6494 | D:6      | Found a bloodstained altar of Trog.
  6522 | D:6      | Reached skill level 2 in Fighting
  6732 | D:6      | Reached skill level 3 in Fighting
  6732 | D:6      | Reached XP level 8. HP: 51/58 MP: 8/14
  6817 | D:6      | Reached skill level 4 in Fighting
  7338 | D:6      | Reached skill level 5 in Fighting
  7387 | D:6      | Found a transporter.
  7425 | D:6      | Noticed a kobold demonologist
  7442 | D:6      | Found an ancient bone altar of Kikubaaqudgha.
  7536 | D:6      | Found a staircase to the Ecumenical Temple.
  7572 | D:6      | Found a transporter.
  7966 | D:7      | Noticed a wraith
  7969 | D:7      | Reached skill level 6 in Fighting
  7977 | D:6      | Killed a wraith
  7978 | D:6      | Reached skill level 7 in Fighting
  8068 | D:7      | Found an ornate altar of the Wu Jian Council.
  8141 | D:7      | Noticed Menkaure
  8149 | D:7      | Killed Menkaure
  8150 | D:7      | Reached skill level 8 in Fighting
  8150 | D:7      | Reached XP level 9. HP: 75/75 MP: 1/15
  8262 | D:7      | Found a flagged portal.
  8279 | Bailey   | Entered a bailey
  8360 | Bailey   | Reached skill level 9 in Fighting
  8706 | Bailey   | Reached skill level 10 in Fighting
  9421 | Bailey   | Got a spiked chain mail
  9753 | D:7      | Reached skill level 11 in Fighting
 10679 | Temple   | Entered the Ecumenical Temple
 10744 | Temple   | Became a worshipper of Ashenzari the Shackled
 10755 | Temple   | Identified the +0 chain mail of Courage {rElec rC+ Slay+3}
                  | (You found it in a bailey)
 10883 | D:8      | Reached skill level 1 in Polearms
 11010 | D:8      | Identified the +8 mace "Nittoeba" {vorpal, rPois rN+++ MP+9
                  | Str-3}
 11024 | D:8      | Reached XP level 10. HP: 61/88 MP: 14/16
 11362 | D:8      | Reached skill level 5 in Dodging
 11573 | D:8      | Noticed a two-headed ogre
 11599 | D:8      | Killed a two-headed ogre
 11919 | D:8      | Found a shadowy altar of Dithmenos.
 12228 | D:9      | Reached skill level 1 in Shields
 12283 | D:9      | Found a burning altar of Makhleb.
 12284 | D:9      | Found a radiant altar of Vehumet.
 12499 | D:9      | Found a staircase to the Lair.
 12574 | D:9      | Found a white marble altar of Elyvilon.
 12574 | D:9      | Noticed an angel
 12575 | D:9      | Found a runed translucent door.
 12590 | D:9      | Reached * piety under Ashenzari
 13024 | D:9      | Found a glowing silver altar of Zin.
 13122 | D:9      | Found a shimmering altar of Xom.
 13287 | Lair:1   | Entered Level 1 of the Lair of Beasts
 13287 | Lair:1   | Found the +4 skin of Zhor {Englaciate rC+++ SInv}
 13587 | Lair:1   | Noticed an eight-headed hydra
 13649 | Lair:1   | Killed an eight-headed hydra
 13650 | Lair:1   | Reached XP level 11. HP: 93/93 MP: 5/17
 14622 | Lair:1   | Reached ** piety under Ashenzari
 14985 | Lair:2   | Noticed Sonja
 14992 | Lair:2   | Noticed a six-headed hydra
 15441 | Lair:2   | Reached skill level 10 in Dodging
 15482 | Lair:2   | Found a dark tunnel.
 15487 | Volcano  | Entered a volcano
 15490 | Volcano  | Noticed a wizard
 15512 | Volcano  | Paralysed by a wizard for 4 turns
 15522 | Volcano  | Killed a wizard
 15615 | Volcano  | Noticed a wizard
 15621 | Volcano  | Killed a wizard
 15630 | Volcano  | Noticed a wizard
 15641 | Volcano  | Killed a wizard
 15934 | Volcano  | Noticed a wizard
 15935 | Volcano  | Noticed a wizard
 15946 | Volcano  | Killed a wizard
 15947 | Volcano  | Killed a wizard
 16086 | Volcano  | Noticed a +0 mace of flaming
 16096 | Volcano  | Killed a +0 mace of flaming
 16097 | Volcano  | Reached XP level 12. HP: 65/100 MP: 18/18
 16117 | Volcano  | Got the uncursed pair of boots "Xosel" {Str+5}
 16123 | Volcano  | Identified the +1 pair of boots "Xosel" {Str+5} (You found
                  | it in a volcano)
 16450 | Lair:2   | Noticed a five-headed hydra
 16469 | Lair:2   | Killed a five-headed hydra
 16476 | Lair:2   | Killed a six-headed hydra
 16822 | Lair:2   | Found a staircase to the Swamp.
 17012 | Lair:3   | Reached skill level 15 in Dodging
 17274 | Lair:3   | Noticed a six-headed hydra
 17315 | Lair:3   | Killed a six-headed hydra
 17449 | Lair:3   | Reached skill level 5 in Spellcasting
 17684 | Lair:3   | Noticed a four-headed hydra
 17713 | Lair:3   | Killed a four-headed hydra
 17714 | Lair:3   | Reached skill level 12 in Fighting
 17774 | Lair:3   | Noticed Urug
 17786 | Lair:3   | Killed Urug
 18127 | Lair:3   | Noticed a death yak
 18128 | Lair:3   | Noticed a death yak
 18130 | Lair:3   | Noticed a death yak
 18130 | Lair:3   | Noticed a death yak
 18151 | Lair:3   | Killed a death yak
 18157 | Lair:3   | Killed a death yak
 18158 | Lair:3   | Killed a death yak
 18158 | Lair:3   | Killed a death yak
 18159 | Lair:3   | Reached skill level 13 in Fighting
 18159 | Lair:3   | Reached XP level 13. HP: 107/111 MP: 4/22
 18711 | Lair:4   | Found a staircase to the Snake Pit.
 19255 | Lair:4   | Killed Sonja
 19413 | Lair:4   | Reached *** piety under Ashenzari
 20334 | Lair:5   | Noticed an entropy weaver
 20373 | Lair:4   | Killed an entropy weaver
 20609 | Lair:5   | Noticed an entropy weaver
 20628 | Lair:5   | Killed an entropy weaver
 21051 | Lair:5   | Reached skill level 14 in Fighting
 21149 | Lair:5   | Found a viscous altar of Jiyva.
 21150 | Lair:5   | Found a staircase to the Slime Pits.
 21350 | Lair:5   | Reached XP level 14. HP: 100/120 MP: 17/26
 21778 | Lair:6   | Entered Level 6 of the Lair of Beasts
 21780 | Lair:6   | Reached **** piety under Ashenzari
 22408 | Lair:6   | Reached skill level 15 in Fighting
 22941 | Lair:6   | Reached skill level 5 in Shields
 23599 | Lair:6   | Noticed Josephine
 23604 | Lair:6   | Killed Josephine
 23613 | Lair:6   | Noticed a dire elephant
 23645 | Lair:6   | Killed a dire elephant
 23754 | Lair:6   | Noticed a dire elephant
 23763 | Lair:6   | Noticed a dire elephant
 23782 | Lair:6   | Killed a dire elephant
 23785 | Lair:6   | Killed a dire elephant
 24174 | D:10     | Entered Level 10 of the Dungeon
 24637 | D:10     | Found Qantol's Weapon Emporium.
 24850 | D:10     | Noticed Fannar
 24871 | D:10     | Killed Fannar
 25188 | D:10     | Learned a level 2 spell: Passwall
 26163 | D:11     | Noticed Maurice
 26181 | D:11     | Killed Maurice
 26202 | D:11     | Reached ***** piety under Ashenzari
 26242 | D:11     | Found a runed translucent door.
 26320 | D:11     | Reached skill level 10 in Shields
 26575 | D:11     | Found a staircase to the Orcish Mines.
 26704 | D:11     | Noticed Nergalle
 26721 | D:11     | Killed Nergalle
 26722 | D:11     | Reached XP level 15. HP: 129/129 MP: 27/27
 26726 | D:11     | Noticed Gastronok
 26754 | D:11     | Killed Gastronok
 27060 | D:11     | Noticed Psyche
 27069 | D:11     | Killed Psyche
 27187 | D:11     | Found a roughly hewn altar of Beogh.
 27320 | Orc:1    | Entered Level 1 of the Orcish Mines
 27439 | Orc:2    | Entered Level 2 of the Orcish Mines
 27599 | Orc:2    | Found a roughly hewn altar of Beogh.
 27792 | Orc:2    | Found Oxicho's Book Emporium.
 27885 | Orc:2    | Found a roughly hewn altar of Beogh.
 27894 | Orc:2    | Found a staircase to the Elven Halls.
 28093 | Orc:2    | Found Enkif's Magic Scroll Boutique.
 28093 | Orc:2    | Found Loomergh's Antique Weapon Shoppe.
 28405 | Orc:2    | Found Uwie's Antique Armour Boutique.
 28424 | Orc:2    | Bought a pair of embroidered gloves for 157 gold pieces
 28459 | Orc:2    | Found Gircho's Distillery.
 29093 | Orc:2    | Bought a Fen Folio for 1200 gold pieces
 29100 | Orc:2    | Learned a level 6 spell: Eringya's Noxious Bog
 29121 | Orc:2    | Bought a scroll of remove curse for 45 gold pieces
 29154 | Orc:2    | Bought a scroll of remove curse for 45 gold pieces
 29408 | D:4      | Bought a scroll of remove curse for 39 gold pieces
 30997 | D:13     | Reached skill level 5 in Transmutations
 31047 | D:13     | Found a radiant altar of Vehumet.
 31418 | D:13     | Noticed Nessos
 31419 | D:13     | Noticed Erolcha
 31424 | D:13     | Killed Erolcha
 31427 | D:13     | Killed Nessos
 31787 | D:13     | Found a gate to the Vaults.
 31806 | D:14     | Reached ****** piety under Ashenzari
 32327 | D:14     | Identified the amulet "Imadefem" {Inacc Int+5}
 32874 | Swamp:1  | Entered Level 1 of the Swamp
 32890 | Swamp:1  | Found a glowing silver altar of Zin.
 32938 | Swamp:1  | Reached XP level 16. HP: 135/136 MP: 29/29
 33535 | Swamp:1  | Noticed Louise
 33592 | Swamp:1  | Killed Louise
 34160 | Swamp:2  | Identified the +6 ring mail "Agyvub" {rPois rC- Int+2}
 34480 | Swamp:2  | Reached skill level 10 in Spellcasting
 36332 | Swamp:4  | Entered Level 4 of the Swamp
 36573 | Swamp:4  | Noticed the 27-headed Lernaean hydra
 36770 | Orc:2    | Bought a book of Transfigurations for 880 gold pieces
 36777 | Orc:2    | Learned a level 6 spell: Statue Form
 36935 | Snake:1  | Entered Level 1 of the Snake Pit
 37162 | Lair:4   | Reached skill level 1 in Earth Magic
 37848 | Snake:1  | Reached XP level 17. HP: 143/143 MP: 31/31
 37962 | Snake:1  | Noticed Lobster4's ghost (journeyman DEEE)
 38029 | Snake:1  | Noticed Roxanne
 38077 | Snake:1  | Found a transporter.
 38085 | Snake:1  | HP: 9/185 [Roxanne/iron shot (19)]
 38086 | Snake:1  | Killed Roxanne
 38645 | Snake:1  | Reached skill level 10 in Transmutations
 38995 | Snake:1  | Identified the +1 pair of boots of Resonance {Rampage rPois
                  | rCorr Dex+2}
 39007 | Snake:1  | Found a transporter.
 39156 | Snake:2  | Reached skill level 5 in Earth Magic
 39244 | Snake:2  | Reached skill level 16 in Fighting
 39453 | Snake:2  | Noticed Aizul
 39483 | Snake:2  | Killed Aizul
 39655 | Snake:2  | Noticed Asterion
 39682 | Snake:2  | Killed Asterion
 41262 | Snake:3  | Noticed Vashnia
 41284 | Snake:3  | Killed Vashnia
 41388 | Snake:4  | Entered Level 4 of the Snake Pit
 41487 | Snake:4  | Found Emuifaor's Distillery.
 41679 | Snake:4  | Noticed Bai Suzhen
 41698 | Snake:4  | Killed Bai Suzhen
 41870 | Snake:4  | Reached XP level 18. HP: 153/153 MP: 32/32
 41904 | Snake:4  | Reached skill level 17 in Fighting
 42158 | Snake:4  | Got a serpentine rune of Zot
 43799 | Swamp:4  | Got a decaying rune of Zot
 44229 | Swamp:3  | Upgraded the game from 0.27-a0-34-gc18c9092ac to
                  | 0.27-a0-40-g5f2be0e231
 44429 | Vaults:1 | Entered Level 1 of the Vaults
 44772 | Vaults:1 | Reached skill level 18 in Fighting
 44877 | Vaults:1 | Reached XP level 19. HP: 163/163 MP: 32/34
 45870 | Vaults:1 | Noticed an Ice Fiend
 47339 | Vaults:2 | Reached XP level 20. HP: 172/172 MP: 35/35
 47416 | Vaults:2 | Reached skill level 19 in Fighting
 48171 | Vaults:3 | Found a staircase to the Crypt.
 48248 | Vaults:3 | Found a flickering gateway to a bazaar.
 48310 | Bazaar   | Entered a bazaar
 48327 | Bazaar   | Found Qunger's Jewellery Shoppe.
 48352 | Bazaar   | Found Cibisos's Magic Scroll Shop.
 48420 | Bazaar   | Found Igarorch's Book Shop.
 48444 | Bazaar   | Bought a Grand Grimoire for 993 gold pieces
 48452 | Bazaar   | Learned a level 7 spell: Malign Gateway
 48562 | Vaults:3 | Reached skill level 1 in Summonings
 48567 | Vaults:3 | Reached skill level 1 in Translocations
 48900 | Vaults:3 | Gained mutation: You are occasionally teleported next to
                  | monsters. [a shining eye]
 48902 | Vaults:3 | Gained mutation: You are frail. (-10% HP) [a shining eye]
 48910 | Vaults:3 | Gained mutation: Armour fits poorly on your strangely
                  | shaped body. [a shining eye]
 48979 | Vaults:3 | Lost mutation: Armour fits poorly on your strangely shaped
                  | body. [potion of mutation]
 48979 | Vaults:3 | Lost mutation: You are frail. (-10% HP) [potion of
                  | mutation]
 48979 | Vaults:3 | Gained mutation: Scrolls take you a little longer to read.
                  | [potion of mutation]
 48979 | Vaults:3 | Gained mutation: Your system is resistant to poisons.
                  | (rPois) [potion of mutation]
 49439 | Snake:4  | Bought a potion of mutation for 168 gold pieces
 49439 | Snake:4  | Lost mutation: Scrolls take you a little longer to read.
                  | [potion of mutation]
 49439 | Snake:4  | Lost mutation: Your system is resistant to poisons. (rPois)
                  | [potion of mutation]
 49439 | Snake:4  | Lost mutation: You are occasionally teleported next to
                  | monsters. [potion of mutation]
 49439 | Snake:4  | Gained mutation: You occasionally shout uncontrollably at
                  | your foes. [potion of mutation]
 49439 | Snake:4  | Gained mutation: Your magical capacity is low. (-10% MP)
                  | [potion of mutation]
 49439 | Snake:4  | Gained mutation: You can translocate small distances at
                  | will. [potion of mutation]
 50131 | Vaults:3 | Reached skill level 5 in Summonings
 50664 | Vaults:4 | Reached skill level 5 in Translocations
 50910 | Vaults:4 | Reached XP level 21. HP: 182/182 MP: 32/32
 51373 | Vaults:4 | Found Qacsaz's General Store.
 51381 | Vaults:4 | Bought a scroll of acquirement for 988 gold pieces
 51381 | Vaults:4 | Acquired 1092 gold pieces
 51728 | Vaults:4 | Reached skill level 10 in Summonings
 52007 | Vaults:5 | Entered Level 5 of the Vaults
 52009 | Vaults:5 | Noticed an ancient lich
 52159 | Vaults:4 | Killed an ancient lich
 52182 | Vaults:4 | Reached skill level 20 in Fighting
 53545 | Vaults:5 | Reached skill level 21 in Fighting
 54229 | Vaults:5 | Reached XP level 22. HP: 99/161 MP: 33/33
 54711 | Vaults:5 | Identified the cursed -3 helmet of Disaster {*Drain +Blink
                  | rN+++ Str-5}
 54712 | Vaults:5 | Identified the cursed -3 cloak of the Scribe {+Fly rPois
                  | rC- Int+4}
 54727 | Vaults:5 | Noticed a golden dragon
 54738 | Vaults:5 | Killed a golden dragon
 55456 | Vaults:5 | Identified the +2 plate armour "Xeune" {*Slow +Inv rN+++
                  | Regen+}
 55926 | Vaults:5 | Reached skill level 22 in Fighting
 56874 | Vaults:5 | Got a silver rune of Zot
 56882 | Vaults:5 | Noticed a golden dragon
 56882 | Vaults:5 | Noticed an ancient lich
 56901 | Vaults:5 | Killed an ancient lich
 56907 | Vaults:5 | Killed a golden dragon
 57363 | D:15     | Entered Level 15 of the Dungeon
 57547 | D:15     | Reached skill level 23 in Fighting
 57878 | D:15     | Found a hide-covered altar of Uskayaw.
 57975 | D:15     | Reached XP level 23. HP: 207/207 MP: 35/35
 57980 | D:15     | Found a staircase to the Depths.
 58373 | Depths:1 | Entered Level 1 of the Depths
 58613 | Depths:1 | Found a gateway to Hell.
 59219 | Depths:1 | Reached skill level 24 in Fighting
 59313 | Depths:1 | Identified the cursed +0 robe of Apathy {-Cast rElec rPois}
 59519 | Depths:1 | Found a one-way gate leading to the halls of Pandemonium.
 59730 | Depths:2 | Found a gateway to a ziggurat.
 59760 | Depths:2 | Paralysed by a sphinx for 6 turns
 60170 | Depths:2 | Found Ukhey's Distillery.
 60798 | Depths:2 | Identified the ring of Scepticism {+Fly rC+}
 61090 | Depths:2 | Found a runed translucent door.
 61163 | Depths:2 | Found a runed translucent door.
 61175 | Depths:2 | Acquired 987 gold pieces
 61229 | Depths:2 | Reached skill level 25 in Fighting
 61817 | Depths:2 | Identified the cursed +1 war axe "Suimukk" {vorpal, +Inv
                  | rC+++ Will- Dex+4}
 62016 | Depths:2 | Found a burning altar of Makhleb.
 62026 | Depths:2 | Identified the cursed +3 spear "Ganaeh" {vorpal, rPois
                  | Str+8}
 63032 | Depths:3 | Reached XP level 24. HP: 216/221 MP: 35/35
 63444 | Depths:3 | Reached skill level 26 in Fighting
 63859 | Depths:3 | Found a runed door.
 64265 | Depths:3 | Cast into level 2 of the Abyss (a deep elf sorcerer)
 64499 | Abyss:2  | Gained mutation: Potions are less effective at restoring
                  | your health. [a neqoxec]
 64610 | Depths:3 | Escaped the Abyss
 64701 | Depths:3 | Identified the +6 scimitar of Zahe {flame, Str+5}
 64701 | Depths:3 | Identified the ring of Juzok {Str+3 Dex-2 Stlth-}
 64709 | Depths:3 | Noticed an ancient lich
 64717 | Depths:3 | Killed an ancient lich
 64747 | Depths:3 | Identified the +4 broad axe "Iweoqe" {vorpal, rC+ rN+}
 64756 | Depths:3 | Identified the Volume of Ensnaring Calling
 64771 | Depths:3 | Identified the +2 cloak of the Everdark {-Tele rPois Will+}
 64913 | Depths:4 | Noticed Margery
 64922 | Depths:4 | Reached skill level 27 in Fighting
 64923 | Depths:4 | Killed Margery
 64969 | Depths:4 | Noticed Xtahua
 64991 | Depths:4 | Killed Xtahua
 65266 | Depths:4 | Reached skill level 15 in Shields
 65455 | Depths:4 | Found a one-way gate to the infinite horrors of the Abyss.
 65615 | Depths:4 | Reached skill level 1 in Evocations
 66104 | Depths:4 | Noticed a juggernaut
 66125 | Depths:4 | Reached XP level 25. HP: 127/234 MP: 35/35
 66148 | Depths:4 | Killed a juggernaut
 66151 | Depths:4 | Noticed a juggernaut
 66170 | Depths:4 | Killed a juggernaut
 66878 | Depths:4 | Noticed a juggernaut
 66910 | Depths:4 | Killed a juggernaut
 66968 | Depths:4 | Identified the +8 chain mail of the Devil's Team {Slay+3}
 67239 | Depths:5 | Entered Level 5 of the Depths
 67277 | Depths:5 | Noticed a juggernaut
 67327 | Depths:5 | Killed a juggernaut
 67924 | Depths:5 | Found a gate to the Realm of Zot.
 68281 | Depths:5 | Found a broken altar of Ashenzari.
 68382 | Depths:5 | Noticed Saint Roka
 68384 | Depths:5 | Reached skill level 5 in Evocations
 68410 | Depths:5 | Killed Saint Roka
 68886 | Zot:1    | Entered Level 1 of the Realm of Zot
 68929 | Depths:5 | HP: 14/304 [yellow draconian monk (9)]
 68930 | Depths:5 | Demolished by a yellow draconian monk

Illustrated notes

Levels and vault maps discovered:
D:1:      elethiomel_arrival_infinity_welcomes_careful_drivers, layout_basic
D:2:      minmay_evil_eye, layout_loops_ring, uniq_terence
D:3:      layout_basic, kennysheep_okawaru_gauntlet
D:4:      layout_gridville, kennysheep_mini, serial_shops, shop,
          grunt_decor_clamped, chequers_serial_rivers_micro_e
D:5:      layout_loops_ring, tgw_sif, amcnicky_altar_gilded
D:6:      gammafunk_wand_slinger, layout_loops_ring, kiku_gazebo_pond_becter,
          chequers_temple_overflow_minitemple, minmay_temple_entry_from_below_a,
          minmay_splitting_lines
D:7:      layout_cave_pods, kennysheep_mini_moat, enter_bailey_2,
          serial_bayou_pond_d, uniq_menkaure
D:8:      layout_loops_ring, marbit_many_paths, minmay_misc_feat_alley
D:9:      layout_loops_cross, grunt_temple_overflow_lords_of_destruction,
          lemuel_crystal_altar, zin_academy, lair_entry_dummy,
          lemuel_angel_altar
D:10:     minmay_recursive_quarters, layout_grid_maze, serial_shops,
          nicolae_shop_behind_doors, uniq_fannar
D:11:     layout_roguey, kennysheep_orc_monster_closet_entryway,
          lightli_church_of_beogh, uniq_gastronok, uniq_nergalle, uniq_maurice,
          uniq_psyche
D:12:     layout_cross, drop_trap
D:13:     layout_roguey, david_vaults_5, basic_altar, uniq_nessos, uniq_erolcha
D:14:     layout_loops_ring
D:15:     gammafunk_enter_depths_forms, layout_long_grid, basic_altar,
          serial_bayou_pond_a, minmay_liquid_box
Temple:   corrupted_temple
Lair:1:   layout_cave_pods
Lair:2:   layout_loops_ring, minmay_swamp_entry_worms, enter_volcano_4,
          nicolae_quartered_pool_little, infiniplex_staircase_pool, uniq_sonja
Lair:3:   layout_hall_layers, grunt_megastairs_4, serial_bayou_shore_a,
          uniq_urug
Lair:4:   layout_hall_layers, minmay_snake_entry_guardpost_small,
          kilobyte_rumbling_trees, lemuel_fruit_tree
Lair:5:   layout_regular_city, dpeg_slime_entry_enclosed_altar, minivault_29,
          infiniplex_staircase_pool_2
Lair:6:   due_jungle_book, layout_gridlike, serial_bayou, serial_bayou_lagoon_a,
          serial_bayou_pond_c, serial_bayou_shore_b, serial_bayou_pond_c,
          serial_bayou_lake_a, serial_bayou_pond_c, uniq_josephine
Swamp:1:  layout_basic_swamp, evilmike_swamp_ruin_house_2, swamp_pool3,
          nicolae_swamp_godswood, nicolae_swamp_very_dense_foliage, uniq_louise
Swamp:2:  layout_falls_marsh, serial_swamp_ruin, evilmike_swamp_ruin_house_4,
          evilmike_swamp_ruin_house_1, nicolae_swamp_oklob_treasure_island
Swamp:3:  layout_basic_swamp, evilmike_swamp_ruin_rubble_2, hangedman_swamp_dais
Swamp:4:  swamp_old_school, layout_basic_swamp
Snake:1:  layout_rooms, gammafunk_ghost_berserking_beasts, grunt_megastairs_1,
          uniq_roxanne
Snake:2:  layout_honeycomb, uniq_aizul, uniq_asterion
Snake:3:  layout_grid_maze, st_stairs_7, grunt_megastairs_2, uniq_vashnia
Snake:4:  johnstein_snake_rune_scales, layout_basic, minmay_shop_star,
          grunt_megastairs_3, uniq_bai_suzhen
Orc:1:    layout_caves
Orc:2:    st_orc_town, layout_caves, serial_shops, nicolae_shop_behind_doors,
          basic_altar, nicolae_orc_rockfall
Vaults:1: grunt_vaults_focal, nicolae_vaults_triangles,
          nicolae_vaults_shelves_hall, grunt_vaults_hallway_short,
          hangedman_vaults_impose, nicolae_vaults_little_squares_2,
          vaults_room_large_hall, nicolae_vaults_asterisk,
          vaults_room_grunt_arrival_ludios, grunt_vaults_funnel,
          vaults_mumra_chevron, vaults_mumra_hex, layout_vaults_omnigrid
Vaults:2: hangedman_vaults_trim, ontoclasm_vaults_tryst,
          dpeg_vaults_monster_row, vaults_standard_mumra_x,
          vaults_mumra_hexcomb, vaults_room_door_ring, v_pattern_1, v_misc_9,
          v_misc_15, nicolae_vaults_shelves_hall, ontoclasm_vaults_shuriken,
          layout_vaults_ring
Vaults:3: ontoclasm_vaults_misaligned, vaults_room_ringed_pool,
          vaults_room_corners, v_misc_27, hangedman_vaults_snaps,
          ontoclasm_vaults_eye, dpeg_vaults_waves,
          nicolae_vaults_network_periphery, nicolae_vaults_puzzle_piece,
          minmay_crypt_entry_simple_statues, nicolae_vaults_specimen_jars,
          vaults_room_fancy_cross, ontoclasm_vaults_gateway,
          layout_vaults_big_cross, serial_shops, bzr_entry_customers
Vaults:4: v_alt_pattern_1, nicolae_vaults_know_your_exits,
          vaults_standard_mumra_enter_the_diamond, nicolae_vaults_network_s,
          nicolae_vaults_rhombus_5, hangedman_vaults_hat, v_misc_10,
          nicolae_vaults_little_ls, nicolae_vaults_diagonal_hallway_8,
          vaults_dpeg_cross, nicolae_vaults_big_ls, vaults_dpeg_diagonal,
          nicolae_vaults_rhombus_7, layout_vaults_omnibox, serial_shops,
          nicolae_shop_statue_plus
Vaults:5: serial_shops
Depths:1: layout_honeycomb, amcnicky_mini_pool_small, lightli_too_deep,
          rand_demon_pan_entry_4, kennysheep_decorative_pillar,
          serial_bayou_crossing
Depths:2: evilmike_makhleb_hellhole, layout_twisted_cross, enter_ziggurat_a,
          hell_entry, serial_shops, nicolae_shop_behind_doors, nicolae_wwwww,
          hangedman_aviary, infiniplex_staircase_zigzag_5
Depths:3: evilmike_wizard_prison, layout_gridlike, hell_entry,
          rand_demon_pan_entry_1, minmay_misc_feat_cross,
          kennysheep_small_square, infiniplex_staircase_zigzag_4,
          serial_bayou_shore_b
Depths:4: cell_vault, layout_cave_pools, hangedman_coc_ice_floe,
          minmay_misc_feat_four_crosses, serial_column_ruins,
          column_ruins_portal_astroid, column_ruins_grid_1, column_ruins_grid_1,
          column_ruins_columns_plus, column_ruins_open_tiny,
          column_ruins_open_tiny_water, nicolae_abyss_entry_one_way_or_another,
          pan_entry, uniq_margery, uniq_xtahua
Depths:5: grunt_zot_entry_alcove, layout_gridville, abyss_entry,
          kennysheep_pointless_box, serial_shops, bzr_in_the_mist, hell_entry,
          drop_trap, hex_tiny, kennysheep_flooded_box, uniq_saint_roka
Zot:1:    layout_cathedral_of_symmetry

Skill      XL: |  1  2  3  4  5  6  7  8  9 10 11 12 13 14 15 16 17 18 19 20 21 22 23 24 25 |
---------------+----------------------------------------------------------------------------+-----
Transmutations | 2 3 4 7 9 10 11 | 11.8
Poison Magic   | 4 5 6 8 9 |  9.9
Spellcasting   | 3 4 6 8 9 10 11 12 13 | 13.0
Fighting       | 3 8 11 13 14 15 16 18 19 21 23 25 27 | 27.0
Polearms       | 2 8 9 |  9.8
Dodging        | 3 8 13 15 16 17 19 20 21 23 | 23.7
Shields        | 3 4 10 12 15 17 | 17.6
Earth Magic    | 3 5 6 |  6.4
Summonings     | 7 10 11 | 11.8
Translocations | 5 6 7 8 |  8.6
Evocations     | 2 7 |  7.8
Stealth        | |  2.1

Action                   |  1- 3 |  4- 6 |  7- 9 | 10-12 | 13-15 | 16-18 | 19-21 | 22-24 | 25-27 || total
-------------------------+-------+-------+-------+-------+-------+-------+-------+-------+-------++-------
Melee: Unarmed           |     1 |       |       |       |       |       |       |       |       ||     1
       Spear             |       |     6 |    84 |       |       |       |       |       |       ||    90
       Trident           |       |       |    87 |   334 |  1413 |       |       |       |       ||  1834
       Tailslap          |       |       |       |       |     9 |    13 |       |     3 |       ||    25
       Demon trident     |       |       |       |       |   483 |  2151 |  2215 |  2605 |   712 ||  8166
 Cast: Sting             |    68 |   150 |    92 |    79 |       |       |       |       |       ||   389
       Mephitic Cloud    |       |       |     7 |    11 |     2 |     1 |       |       |       ||    21
       Poisonous Vapours |       |       |    12 |    36 |    21 |       |       |       |       ||    69
       Ignite Poison     |       |       |     5 |     9 |     7 |     1 |       |       |       ||    22
       Olgreb's Toxic Ra |       |       |    33 |    37 |    86 |       |       |       |       ||   156
       Passwall          |       |       |       |       |     1 |       |       |       |       ||     1
       Eringya's Noxious |       |       |       |       |     3 |    16 |    21 |     7 |       ||    47
       Statue Form       |       |       |       |       |       |    38 |    33 |    44 |    10 ||   125
       Malign Gateway    |       |       |       |       |       |       |     2 |    13 |     5 ||    20
Invok: Curse Item        |       |       |     2 |     1 |     7 |       |       |       |       ||    10
Evoke: Wand              |       |       |       |     4 |     1 |       |       |       |       ||     5
  Use: Scroll            |       |    10 |     4 |     4 |    14 |    11 |     4 |     8 |     1 ||    56
       Potion            |       |     1 |       |       |       |     1 |     3 |     1 |       ||     6
 Stab: Sleeping          |       |       |       |     2 |    29 |    18 |    12 |    11 |     2 ||    74
       Distracted        |       |       |       |       |     3 |     4 |     3 |     6 |     2 ||    18
       Petrifying        |       |       |       |       |       |       |     1 |       |       ||     1
       Petrified         |       |       |       |       |       |       |       |       |     3 ||     3
Armor: Robe              |    11 |    17 |       |       |       |       |       |       |       ||    28
       Leather armour    |       |     5 |    92 |    22 |       |       |       |       |       ||   119
       Animal skin       |       |       |       |    42 |    94 |    91 |    39 |   114 |    20 ||   400
       Skin              |       |       |       |       |       |   362 |   370 |   321 |   119 ||  1172
Dodge: Dodged            |    36 |    60 |   182 |   179 |   507 |  1706 |  1912 |  1816 |   646 ||  7044
Block: Buckler           |       |       |       |    57 |       |       |       |       |       ||    57
       Other             |       |       |       |     7 |       |       |       |       |       ||     7
       Reflection        |       |       |       |     4 |    33 |   154 |   102 |    58 |    13 ||   364
       Kite shield       |       |       |       |   119 |   794 |  1720 |  1900 |  1923 |   653 ||  7109

Table legend: (Time is in decaauts)
 A = Elapsed time spent in this place.
 B = Non-inter-level travel time spent in this place.
 C = Inter-level travel time spent in this place.
 D = Time resting spent in this place.
 E = Time spent auto-exploring this place.
 F = Levels seen in this place.
 G = Mean time per level.
                   A        B        C        D        E       F      G
               +--------+--------+--------+--------+--------+-----+--------+
         Total |  69696 |  64431 |   5265 |   4604 |  42591 |  47 | 1482.9 |
       Dungeon |  20126 |  17950 |   2176 |    400 |  13977 |  15 | 1341.7 |
        Temple |    101 |     74 |     27 |      0 |     50 |   1 |  101.0 |
          Lair |  10831 |   9953 |    878 |   1089 |   6835 |   6 | 1805.2 |
         Swamp |   4725 |   4377 |    348 |    646 |   2694 |   4 | 1181.2 |
     Snake Pit |   6149 |   5664 |    485 |      0 |   3970 |   4 | 1537.2 |
  Orcish Mines |   1845 |   1606 |    239 |      0 |   1189 |   2 |  922.5 |
        Vaults |  13039 |  12305 |    734 |   1888 |   6163 |   5 | 2607.8 |
        Depths |  10264 |   9889 |    375 |    489 |   5868 |   5 | 2052.8 |
           Zot |     23 |     23 |      0 |      0 |      0 |   1 |   23.0 |
         Abyss |    348 |    348 |      0 |      0 |    184 |   1 |  348.0 |
        Bazaar |    224 |    224 |      0 |      0 |    137 |   1 |  224.0 |
        Bailey |   1177 |   1177 |      0 |     55 |    869 |   1 | 1177.0 |
       Volcano |    840 |    840 |      0 |     36 |    651 |   1 |  840.0 |
               +--------+--------+--------+--------+--------+-----+--------+

Top non-repeatable levels by time:
Vaults:4: 3653 daAuts
Vaults:5: 3345 daAuts
Vaults:1: 2500 daAuts
  Lair:4: 2335 daAuts
Depths:4: 2329 daAuts
Depths:2: 2329 daAuts
  Lair:6: 2204 daAuts
Depths:3: 2137 daAuts
     D:6: 1997 daAuts
Vaults:3: 1845 daAuts
    D:11: 1829 daAuts
Depths:5: 1762 daAuts
 Snake:1: 1762 daAuts
  Lair:1: 1748 daAuts
Depths:1: 1705 daAuts
